 Dungeon Crawl Stone Soup version 0.27-a0-1416-g941b2bd30b (webtiles) character file.

Game seed: 7776945977970056163

256 Sin92 the Skirmisher (level 5, -3/42 HPs)
             Began as a Demonspawn Fighter on July 1, 2021.
             Slain by a seven-headed hydra (6 damage)
             ... on level 7 of the Dungeon.
             The game lasted 00:03:03 (2986 turns).

Sin92 the Skirmisher (Demonspawn Fighter)           Turns: 2986, Time: 00:03:03

Health: -3/42      AC:  6    Str: 16    XL:     5   Next: 92%
Magic:  0/5        EV:  7    Int: 10    God:
Gold:   102        SH:  9    Dex: 13    Spells: 4/4 levels left

rFire    . . .     SeeInvis .   a - +0 long sword
rCold    . . .     Faith    .   c - +0 kite shield
rNeg     . . .     Spirit   +   b - +0 scale mail
rPois    .         Reflect  .   (helmet restricted)
rElec    .         Harm     .   f - scarf {repulsion}
rCorr    .         Rampage  .   (no gloves)
Will     .....                  (no boots)
Stlth    ..........             h - amulet of guardian spirit
HPRegen  0.14/turn              (no ring)
MPRegen  0.09/turn              (no ring)

@: repel missiles
A: horns 1, foul stench 1
a: no special abilities


You were on level 7 of the Dungeon.
You visited 1 branch of the dungeon, and saw 5 of its levels.

You collected 102 gold pieces.

Inventory:

Hand Weapons
 a - a +0 long sword (weapon)
Armour
 b - a +0 scale mail (worn)
 c - a +0 kite shield (worn)
 f - a scarf of repulsion (worn)
Jewellery
 h - an amulet of guardian spirit (around neck)
Scrolls
 g - a scroll of immolation
 k - 2 scrolls of identify
Potions
 d - a potion of might
 i - a potion of brilliance


   Skills:
 + Level 3.8 Fighting
 * Level 3.5 Long Blades
 + Level 3.4 Armour
 + Level 2.0 Dodging
 + Level 3.3 Shields


You had 4 spell levels left.
You didn't know any spells.
Your spell library contained the following spells:

 Spells                   Type           Power      Damage    Failure   Level
 Passwall                 Tmut/Erth      0%         N/A       100%        2
 Sublimation of Blood     Necr           0%         N/A       100%        2
 Wereblood                Tmut           0%         N/A       100%        2
 Stone Arrow              Conj/Erth      0%         3d7       100%        3
 Swiftness                Air            0%         N/A       100%        3
 Bolt of Magma            Conj/Fire/Erth 0%         4d4       100%        5
 Invisibility             Hex            0%         N/A       100%        6
 Summon Hydra             Summ           0%         N/A       100%        7
 Shatter                  Erth           0%         3d5*      100%        9


Dungeon Overview and Level Annotations

Branches:
Dungeon (4/15)
 Temple: D:4-7

Altars:
Cheibriados
Gozag
Qazlal
Vehumet
Xom
Zin

Shops:
D:1 *


Innate Abilities, Weirdness & Mutations

You have a pair of small horns on your head.
You may rarely emit foul miasma when damaged in melee.


Message History

Your headbutt misses the black bear.
The black bear is heavily wounded.
You block the black bear's attack. x2; The black bear barely misses you.
A black bear is nearby!
You slash the black bear!
The black bear is severely wounded.
The black bear completely misses you. The black bear claws you.
You block the black bear's attack. The black bear bites you.
You emit a cloud of foul miasma!
You block the black bear's attack.
The black bear claws you but does no damage.
A black bear is nearby!
You hit the black bear but do no damage.
You headbutt the black bear.
You kill the black bear!
Your Dodging skill increases to level 2!
A seven-headed hydra comes into view.
The seven-headed hydra roars!
A seven-headed hydra is nearby!
A seven-headed hydra is nearby!
The seven-headed hydra bites you!
The seven-headed hydra barely misses you.
You block the seven-headed hydra's attack.
The seven-headed hydra bites you! x2
* * * LOW HITPOINT WARNING * * *
The seven-headed hydra bites you.
* * * LOW HITPOINT WARNING * * *
You block the seven-headed hydra's attack.
Okay, then.
Okay, then.
As you read the scroll labelled FAMPINK VUNLUABI, it crumbles to dust.
You hear a loud clanging noise!
It was a scroll of noise.
You hear an angry buzzing noise. x4
You block the seven-headed hydra's attack. x2
The seven-headed hydra bites you.
* * * LOW HITPOINT WARNING * * *
You emit a cloud of foul miasma!
You block the seven-headed hydra's attack.
The seven-headed hydra bites you.
You die...

### ### #..
..#?.. # ####.#.#
###.##......#
..........#####.#
#............#
###.....@D>#.#
#.........#
#............#
#.#..........# #
#######..#.#
##.#.# #.#.#
..#.#


You could see a seven-headed hydra.

Vanquished Creatures
  A necrophage (D:4)
  A black bear (D:7)
  An orc wizard (D:3)
  A worm (D:3)
  2 dart slugs (D:1)
  5 endoplasms
  4 giant cockroaches
  5 goblins
  4 hobgoblins
  4 jackals (D:3)
  4 quokkas
  6 ball pythons
  A bat (D:2)
  2 frilled lizards (D:2)
  4 kobolds
  2 rats
47 creatures vanquished.

Notes
Turn   | Place    | Note
-------+----------+-------------------------------------------
     0 | D:1      | Sin92 the Demonspawn Fighter began the quest for the Orb.
     0 | D:1      | Reached XP level 1. HP: 18/18 MP: 1/1
    46 | D:1      | Found Joupemav's Assorted Antiques.
   144 | D:1      | Found a faded altar of an unknown god.
   261 | D:1      | Gained mutation: You may rarely emit foul miasma when
                  | damaged in melee. [demonic ancestry]
   261 | D:1      | Reached XP level 2. HP: 24/24 MP: 2/2
  1160 | D:2      | Reached XP level 3. HP: 27/29 MP: 3/3
  1486 | D:2      | Reached skill level 1 in Dodging
  2249 | D:3      | Found an opulent altar of Gozag.
  2253 | D:3      | Found a shimmering altar of Xom.
  2253 | D:3      | Found a snail-covered altar of Cheibriados.
  2596 | D:3      | Found a stormy altar of Qazlal.
  2626 | D:3      | Gained mutation: You have a pair of small horns on your
                  | head. [demonic ancestry]
  2626 | D:3      | Reached XP level 4. HP: 16/35 MP: 2/4
  2806 | D:4      | Found a radiant altar of Vehumet.
  2809 | D:4      | Noticed a necrophage
  2824 | D:4      | Killed a necrophage
  2825 | D:4      | Reached XP level 5. HP: 22/41 MP: 3/5
  2970 | D:4      | You fall into a shaft and drop 3 floors!
  2970 | D:7      | Noticed a black bear
  2978 | D:7      | Killed a black bear
  2982 | D:7      | Noticed a seven-headed hydra
  2986 | D:7      | Slain by a seven-headed hydra

Illustrated notes

Levels and vault maps discovered:
D:1:      dpeg_arrival_round_b, layout_loops_ring,
          hellmonk_ecumenical_altar_slurped_away, serial_shops, shop
D:2:      minmay_general_purpose_star, layout_basic
D:3:      layout_basic, minitemple, nicolae_qazlal_eye_of_the_storm
D:4:      cheibrodos_helix_gallery, layout_basic, amcnicky_altar_gilded,
          nzn_wu_jian_council_hall, overflow_temple_1_default
D:7:      layout_rooms, temple_statues, serial_co_window_serial,
          co_window_paths_a, co_window_cross_1, co_window_of_opportunity_a,
          co_window_of_opportunity_a, co_window_paths_a, co_window_paths_a,
          co_window_of_opportunity_c, co_window_corner_ca, co_window_broadway_c,
          co_window_corner_b, co_window_corner_b, co_window_corner_b,
          co_window_paths_d, co_window_paths_e

Skill      XL: |  1  2  3  4  5 |
---------------+----------------+-----
Long Blades    | 2 3 |  3.5
Dodging        | 1 2 |  2.0
Armour         | 3 |  3.4
Shields        | 3 |  3.3
Fighting       | |  3.8

Action                   |  1- 3 |  4- 6 || total
-------------------------+-------+-------++-------
Melee: Long sword        |   140 |    20 ||   160
       Headbutt          |       |     4 ||     4
  Use: Scroll            |       |     4 ||     4
Armor: Scale mail        |    60 |     6 ||    66
Dodge: Dodged            |    56 |    13 ||    69
Block: Kite shield       |    61 |    21 ||    82
       Rpst.: Long sword |     9 |     4 ||    13

Table legend: (Time is in decaauts)
 A = Elapsed time spent in this place.
 B = Non-inter-level travel time spent in this place.
 C = Inter-level travel time spent in this place.
 D = Time resting spent in this place.
 E = Time spent auto-exploring this place.
 F = Levels seen in this place.
 G = Mean time per level.
                   A        B        C        D        E       F      G
               +--------+--------+--------+--------+--------+-----+--------+
         Total |   3069 |   2996 |     73 |    382 |   2174 |   5 |  613.8 |
       Dungeon |   3069 |   2996 |     73 |    382 |   2174 |   5 |  613.8 |
               +--------+--------+--------+--------+--------+-----+--------+

Top non-repeatable levels by time:
     D:3: 1027 daAuts
     D:2: 948 daAuts
     D:1: 892 daAuts
     D:4: 183 daAuts
     D:7: 18 daAuts
